 Dungeon Crawl Stone Soup version 0.16-a0-321-g9a421ca (webtiles) character file.

200 PolkaDot the Twirler (level 5, -2/38 HPs)
             Began as a Vampire Gladiator on Sept 2, 2014.
             Killed from afar by an orc wizard (4 damage)
             ... with a magic dart
             ... on Level 4 of the Dungeon.
             The game lasted 00:05:11 (2780 turns).

PolkaDot the Twirler (Vampire Gladiator)            Turns: 2780, Time: 00:05:12

HP  -2/38        AC  4     Str 14      XL: 5   Next: 49%
MP   5/5         EV 12     Int 10      God:
Gold 192         SH  0     Dex 15      Spells:  0 memorised,  4 levels left

rFire  . . .     SeeInvis +     a - +0 quarterstaff
rCold  . . .     Clarity  .     b - +0 leather armour
rNeg   . . .     rCorr    .     (no shield)
rPois  .         rRot     .     c - +0 helmet
rElec  .         Spirit   .     (no cloak)
SustAb .         Warding  .     (no gloves)
rMut   .         Stasis   .     (no boots)
Gourm  .                        (no amulet)
MR     .....                    (no ring)
                                (no ring)

@: lethally poisoned, regenerating quickly, not resistant to hostile
enchantments, very unstealthy
A: fangs 3, see invisible, unbreathing
a: no special abilities


You were on level 4 of the Dungeon.
You were very full.

You visited 1 branch of the dungeon, and saw 4 of its levels.

You collected 192 gold pieces.

Inventory:

Hand weapons
 a - a +0 quarterstaff (weapon)
Missiles
 d - 3 throwing nets (quivered)
Armour
 b - a +0 leather armour (worn)
 c - a +0 helmet (worn)
Magical devices
 l - a wand of slowing (0)
Scrolls
 f - 5 scrolls of identify {unknown}
 i - 3 scrolls of random uselessness {unknown}
 j - 5 scrolls of teleportation {unknown}
 n - a scroll of blinking {unknown}
 p - 3 scrolls of enchant weapon {unknown}
 q - a scroll of fog {unknown}
Potions
 e - a potion of cure mutation {unknown}
 g - a potion of resistance {unknown}
 h - a potion of might {unknown}
 k - a potion of invisibility {unknown}
 m - a potion of heal wounds
 o - a potion of mutation {unknown}
 r - a potion of lignification {unknown}
 s - a potion of curing {unknown}
 t - a potion of cancellation {unknown}


   Skills:
 - Level 1.7 Fighting
 + Level 5.2 Staves
 - Level 1.5 Throwing
 - Level 3.2 Dodging


You had 4 spell levels left.
You didn't know any spells.

Dungeon Overview and Level Annotations

Branches:
Dungeon (4/15)
 Temple: D:4-7

Altars:


Innate Abilities, Weirdness & Mutations

Your natural rate of healing is unusually fast.
You have razor-sharp teeth.
You have supernaturally acute eyesight.
You can survive without breathing.


Message History

The orc wizard is severely wounded.
The orc wizard barely misses you. The orc hits you with a hand axe.
* * * LOW HITPOINT WARNING * * *
The orc barely misses you.
The orc wizard hits you but does no damage.
You hit the orc wizard.
The orc wizard is almost dead.
The orc wizard closely misses you. The orc hits you with a hand axe.
* * * LOW HITPOINT WARNING * * *
The orc closely misses you.
You hit the orc wizard but do no damage.
The orc wizard is almost dead.
The orc wizard hits you with a dagger.
* * * LOW HITPOINT WARNING * * *
The orc hits you with a hand axe.
* * * LOW HITPOINT WARNING * * *
The orc barely misses you.
The orc wizard points at you and mumbles some strange words.
The magic dart hits you!
You die...

##############
#............#
#............#
#............#
#............+
...#####............###
#........###'###'#....#
#........#..o#o..'....#
#........'..@o...#....+
#........#...#...# ...#
+....#+###...##..# ..#
#....#..##...##..# .#
#....+.......##..# #
#...>#..##...##..#
#....##'##...#...+
+....#.......+...#
#...<#..###+###..#


You could see an orc wizard and 2 orcs.

Vanquished Creatures
  An orc priest (D:3)
  A hound (D:3)
  Ijyb (D:2)
  4 adders
  A giant mite (D:1)
  2 worms
  A giant gecko (D:1)
  6 orcs
  A ball python (D:1)
  2 giant cockroaches
  11 goblins
  3 hobgoblins
  8 jackals (D:1)
  6 kobolds
  A quokka (D:2)
  7 bats
  8 rats
64 creatures vanquished.

Notes
Turn   | Place    | Note
--------------------------------------------------------------
     0 | D:1      | PolkaDot, the Vampire Gladiator, began the quest for the Orb.
     0 | D:1      | Reached XP level 1. HP: 16/16 MP: 1/1
   298 | D:1      | Reached XP level 2. HP: 19/22 MP: 2/2
   471 | D:1      | HP: 1/22 [kobold/short sword (1)]
  1108 | D:1      | Reached XP level 3. HP: 22/27 MP: 3/3
  1525 | D:2      | Noticed Ijyb
  1559 | D:2      | Killed Ijyb
  1559 | D:2      | Reached skill level 4 in Staves
  1559 | D:2      | Reached XP level 4. HP: 12/33 MP: 4/4
  1948 | D:3      | Reached XP level 5. HP: 33/38 MP: 5/5
  2316 | D:3      | Reached skill level 5 in Staves
  2780 | D:4      | Killed from afar by an orc wizard

Action                   |  1- 3 |  4- 6 || total
-------------------------+-------+-------++-------
Melee: Quarterstaff      |   111 |   126 ||   237
Throw: Throwing net      |     3 |       ||     3
  Use: Potion            |     1 |     1 ||     2
  Eat: Corpse            |     7 |    12 ||    19
